Map: Bel'Shir Vestige LE (Void)

Players

Bails - Winner!

  • Race: Protoss Protoss
  • Spawn Location: 11:00

BLY

  • Race: Zerg Zerg
  • Spawn Location: 5:00

Event: WCS Austin 2017

VOD

Have the link to the VOD?

Description

Time

  • Played on: April 28, 2017, 6:29 p.m.
  • Length: 12:58

All games in this series

Show
View Real Time Build Order
Export as new Build Order

Bails Protoss - Winner!

Build Orders: 1 Gate Expand 

Get SALT Encoding   

  12  0:00  Probe (Chrono Boost)  
  13  0:11  Probe (Chrono Boost)  
  14  0:18  Pylon  
  14  0:22  Probe (Chrono Boost)  
  15  0:37  Probe (Chrono Boost)  
  15  0:38  Gateway  
  16  0:47  Probe (Chrono Boost)  
  16  0:48  Assimilator  
  17  0:58  Probe (Chrono Boost)  
  18  1:08  Probe (Chrono Boost)  
  19  1:19  Probe (Chrono Boost)  
  20  1:25  Nexus  
  20  1:36  Cybernetics Core  
  20  1:39  Probe (Chrono Boost)  
  21  1:44  Assimilator  
  21  1:50  Probe (Chrono Boost)  
  22  1:55  Pylon  
  22  2:00  Probe (Chrono Boost)  
  23  2:06  Warp Gate  
  23  2:09  Stalker  
  23  2:15  Probe (Chrono Boost)  
  26  2:22  Twilight Council  
  26  2:27  Probe (Chrono Boost)  
  27  2:36  Adept  
  27  2:38  Probe (Chrono Boost)  
  27  2:39  Probe (Chrono Boost)  
  31  2:48  Probe (Chrono Boost)  
  33  2:51  Probe (Chrono Boost)  
  33  2:52  Resonating Glaives  
  33  3:03  Probe (Chrono Boost)  
  33  3:05  Gateway  
  34  3:14  Gateway  
  34  3:16  Probe (Chrono Boost)  
  34  3:18  Mothership Core (Chrono Boost)  
  37  3:21  Adept  
  39  3:29  Pylon  
  39  3:31  Probe (Chrono Boost)  
  40  3:38  Probe (Chrono Boost)  
  42  3:42  Probe (Chrono Boost)  
  42  3:44  Pylon  
  43  3:48  Probe (Chrono Boost)  
  43  3:52  Probe (Chrono Boost)  
  44  4:00  Probe (Chrono Boost)  
  45  4:03  Probe (Chrono Boost)  
  45  4:09  Adept x3  
  52  4:12  Probe (Chrono Boost)  
  52  4:14  Robotics Facility  
  52  4:15  Probe (Chrono Boost)  
  54  4:26  Nexus  
  54  4:32  Adept x2  
  54  4:33  Pylon  
  54  4:38  Probe (Chrono Boost), Adept  
  59  4:39  Probe (Chrono Boost)  
  59  4:44  Pylon  
  62  4:50  Probe (Chrono Boost)  
  62  4:51  Probe (Chrono Boost)  
  63  4:58  Assimilator  
  63  4:59  Assimilator  
  63  5:00  Warp Prism  
  63  5:02  Probe x2 (Chrono Boost)  
  63  5:04  Pylon  
  67  5:11  Sentry x2  
  67  5:12  Sentry  
  75  5:14  Probe x2 (Chrono Boost)  
  75  5:20  Pylon  
  75  5:26  Probe x2 (Chrono Boost)  
  73  5:31  Forge, Immortal  
  73  5:35  Adept x2  
  77  5:38  Probe (Chrono Boost)  
  82  5:44  Sentry  
  82  5:45  Probe (Chrono Boost)  
  82  5:47  Probe (Chrono Boost)  
  86  5:56  Probe (Chrono Boost)  
  86  5:57  Sentry x2  
  89  5:59  Probe (Chrono Boost)  
  92  6:05  Immortal  
  92  6:07  Sentry  
  98  6:13  Protoss Ground Weapons Level 1  
  98  6:14  Probe (Chrono Boost)  
  98  6:15  Probe x2 (Chrono Boost)  
  101  6:20  Assimilator  
  101  6:21  Zealot x2  
  101  6:22  Assimilator  
  103  6:26  Probe (Chrono Boost)  
  103  6:27  Probe (Chrono Boost)  
  103  6:28  Photon Cannon  
  103  6:29  Probe (Chrono Boost)  
  104  6:39  Probe (Chrono Boost), Photon Cannon  
  106  6:40  Probe x2 (Chrono Boost)  
  106  6:42  Observer  
  108  6:47  Pylon  
  108  6:51  Probe (Chrono Boost), Pylon  
  108  6:53  Pylon  
  109  6:55  Pylon  
  109  6:56  Gateway  
  109  7:00  Gateway  
  109  7:04  Photon Cannon  
  109  7:06  Probe (Chrono Boost), Pylon  
  109  7:07  Probe x2 (Chrono Boost)  
  112  7:10  Sentry x2  
  112  7:11  Sentry  
  118  7:16  Probe (Chrono Boost)  
  118  7:19  Immortal, Probe x2 (Chrono Boost)  
  123  7:31  Gateway  
  123  7:33  Gateway  
  123  7:35  Stalker x2  
  123  7:36  Gateway  
  127  7:39  Templar Archives  
  127  7:45  Blink, Stalker  
  127  7:49  Photon Cannon  
  129  8:00  Stalker x2  
  129  8:03  Photon Cannon  
  133  8:08  Stargate  
  133  8:11  Stargate  
  133  8:15  Photon Cannon  
  133  8:22  Stalker x3  
  138  8:33  Pylon  
  136  8:36  Probe (Chrono Boost)  
  136  8:37  Photon Cannon  
  136  8:38  Probe (Chrono Boost), Stalker x2  
  139  8:43  Probe (Chrono Boost)  
  140  8:52  Phoenix x2  
  144  9:02  Stalker x3  
  149  9:14  Pylon  
  149  9:16  Pylon  
  149  9:17  Photon Cannon  
  149  9:18  Pylon  
  149  9:19  Photon Cannon  
  149  9:30  Pylon  
  149  9:31  Phoenix x2  
  149  9:35  High Templar x2  
  149  9:36  Zealot x5  
  167  9:42  Archon  
  165  9:53  Phoenix x2  
  165  10:14  Phoenix x2  
  165  10:22  Stalker x2  
  165  10:24  Probe (Chrono Boost)  
  165  10:26  High Templar x2, Zealot x4  
  178  10:31  Stalker x6, Archon  
  178  10:35  Charge  
  178  10:38  Phoenix  
  180  10:55  Pylon  
  179  11:10  High Templar  
  181  11:13  Pylon  
  181  11:16  Pylon x2  
  181  11:25  Forge  
  181  11:29  Stalker x4  
  181  11:30  Stalker x2  
  181  11:32  Mothership Core (Chrono Boost)  
  173  11:34  High Templar x2  
  173  11:35  High Templar  
  173  11:39  Archon x2  
  177  11:46  High Templar x2, Zealot  
  181  11:50  Archon  
  181  11:58  Stalker  
  163  12:19  Stalker x6  
  147  12:27  Stalker x2  
  141  12:43  Forge  
  141  12:44  Stalker x2  
  141  12:45  Stalker x3  
  151  12:55  Nexus  
  151  12:56  Pylon  
  151  12:58  Stalker, Pylon x2  
Show
View Real Time Build Order
Export as new Build Order

BLY Zerg 

Build Orders: Hatch First, Muta Ling Bane 

Get SALT Encoding   

  12  0:01  Drone  
  13  0:13  Overlord  
  13  0:17  Drone  
  14  0:31  Drone x2  
  16  0:48  Hatchery  
  15  0:52  Drone  
  15  0:54  Drone  
  17  0:58  Drone  
  18  1:06  Extractor  
  17  1:14  Spawning Pool  
  17  1:18  Drone  
  17  1:22  Drone  
  18  1:30  Drone  
  19  1:43  Overlord  
  19  1:56  Drone  
  19  2:01  Queen x2  
  20  2:03  Zergling x4  
  20  2:07  Metabolic Boost  
  26  2:11  Drone  
  28  2:15  Drone  
  28  2:27  Drone x2  
  30  2:35  Hatchery  
  29  2:46  Drone x2  
  29  2:47  Overlord  
  29  2:48  Drone  
  32  2:57  Drone x2  
  34  3:00  Queen  
  35  3:14  Drone x3  
  35  3:15  Drone x3  
  35  3:19  Drone  
  42  3:20  Drone  
  42  3:26  Overlord  
  42  3:33  Overlord  
  42  3:34  Drone x2  
  44  3:46  Extractor  
  44  3:47  Drone x2, Roach Warren  
  44  3:48  Drone x3  
  44  3:49  Drone x4  
  51  3:56  Overlord  
  51  4:06  Zergling x4  
  53  4:10  Zergling x6  
  56  4:18  Zergling x4  
  58  4:26  Roach x4  
  58  4:27  Roach x2  
  70  4:32  Roach x2  
  70  4:34  Overlord  
  70  4:36  Extractor  
  70  4:38  Lair  
  73  4:41  Overlord  
  73  4:52  Zergling x20  
  78  4:59  Zergling x4  
  77  5:10  Zergling x6  
  80  5:15  Drone x5  
  85  5:27  Drone x2  
  85  5:28  Drone x3  
  88  5:38  Drone x2  
  88  5:39  Glial Reconstitution  
  89  5:42  Extractor  
  89  5:45  Overlord  
  88  5:51  Overlord  
  88  5:53  Spire  
  83  5:58  Roach  
  83  5:59  Roach x2  
  81  6:13  Roach x6  
  81  6:17  Drone x6  
  99  6:23  Extractor  
  99  6:24  Extractor  
  93  6:33  Hatchery  
  93  6:34  Zergling x8  
  93  6:35  Zergling x16  
  93  6:37  Overlord  
  93  6:39  Overseer  
  104  6:41  Ravager x2  
  107  6:48  Overlord x3  
  107  6:54  Overlord  
  107  7:05  Ravager x4  
  107  7:06  Ravager, Overlord  
  107  7:07  Zergling x2  
  107  7:08  Zergling x12  
  118  7:17  Drone x2  
  118  7:22  Zergling x4  
  116  7:35  Mutalisk x4, Extractor  
  122  7:37  Mutalisk x2  
  122  7:43  Drone x5  
  131  7:45  Drone x4  
  134  7:56  Roach  
  134  7:57  Roach x2  
  140  7:59  Ravager x2, Hatchery  
  140  8:00  Ravager, Zergling x2  
  140  8:04  Hatchery  
  141  8:08  Roach  
  141  8:09  Roach x4  
  151  8:16  Zergling x4  
  151  8:18  Overlord x2  
  151  8:19  Overlord  
  153  8:22  Evolution Chamber  
  153  8:24  Baneling Nest  
  151  8:32  Drone  
  151  8:33  Drone  
  153  8:44  Drone x2  
  153  8:45  Drone x3  
  158  8:50  Zerg Melee Weapons Level 1  
  158  8:52  Zerg Flyer Weapons Level 1  
  158  8:54  Mutalisk  
  158  8:55  Mutalisk x4  
  168  8:56  Overlord  
  168  8:57  Hatchery  
  168  8:59  Drone  
  168  9:00  Drone x2  
  170  9:02  Overlord  
  170  9:08  Overlord, Centrifical Hooks  
  170  9:13  Drone  
  170  9:14  Drone x2  
  173  9:24  Drone x3  
  173  9:27  Mutalisk x3  
  173  9:30  Zergling x10  
  187  9:34  Extractor x2, Spine Crawler  
  187  9:36  Zergling x4  
  186  9:43  Mutalisk x3  
  192  9:54  Baneling  
  192  9:55  Baneling x7  
  186  10:06  Zergling x2  
  186  10:07  Zergling x16  
  185  10:17  Baneling  
  185  10:18  Baneling x15  
  183  10:24  Zergling x14  
  187  10:33  Drone  
  186  10:39  Baneling x4  
  186  10:40  Baneling x10  
  178  11:12  Zergling x26, Hydralisk Den  
  178  11:14  Hatchery  
  155  11:34  Zergling x26  
  164  11:43  Muscular Augments, Hydralisk x4  
  171  11:47  Hydralisk x3  
  171  11:53  Hatchery  
  171  11:55  Hydralisk  
  171  11:56  Hydralisk x2  
  177  12:02  Baneling x17  
  177  12:03  Baneling  
  165  12:13  Zergling x2  
  165  12:14  Zergling x22  
  133  12:26  Hydralisk x6  
  105  12:35  Baneling x9  
  102  12:43  Baneling x3  
Tags
 
Add a new tag
Caveats
  • Supply blocks, unpowered buildings, or Contaminate may cause inaccurate times.
  • Supply counts are checked every 10 seconds.